 Dungeon Crawl Stone Soup version 0.31-a0-1178-gc5c9b8f871 (webtiles) character file.

Game seed: 481874561271323750

112155 Anonymone the Arsonist (level 16, -1/128 HPs)
             Began as a Demonspawn Venom Mage on Dec 11, 2023.
             Was a High Priest of Vehumet.
             Slain by an anaconda (9 damage)
             ... on level 1 of the Snake Pit on Dec 12, 2023.
             The game lasted 02:18:21 (41939 turns).

Anonymone the Arsonist (Demonspawn Venom Mage)     Turns: 41939, Time: 02:18:22

Health: -1/128     AC: 14    Str: 13    XL:     16   Next: 11%
Magic:  1/28       EV: 12    Int: 32    God:    Vehumet [*****.]
Gold:   907        SH: 14    Dex: 34    Spells: 1/31 levels left

rFire   + . .        z - +7 broad axe of the Horn {drain, Dex+2}
rCold   + + .        N - +1 buckler "Acyizam" {rElec Int+7 Stlth+}
rNeg    . . .        e - +0 leather armour "Rioquh" {Rampage rElec Will- Str+6}
rPois   .            (no helmet)
rElec   +            I - scarf {rC+ rF+}
rCorr   .            B - +2 pair of gloves
SInv    .            v - +2 pair of boots of Zin's Felicitations {rF+}
Will    .....        p - amulet of reflection
Stlth   ++++         M - ring "Dudydiy" {Ice Int+4 Dex+6}
HPRegen 0.41/turn    L - ring "Maohats" {Wiz Int+2 Dex+2}
MPRegen 0.21/turn

%: reflection, clarity, rampage, wizardry (x1)
@: on berserk cooldown, slowed, very slow
A: rugged brown scales 3, foul stench 1, spiny 1, weakness stinger 2, agile 2,
clarity, screaming 1
a: Renounce Religion


You were on level 1 of the Snake Pit.
You worshipped Vehumet.
Vehumet was extremely pleased with you.
You visited 5 branches of the dungeon, and saw 25 of its levels.
You also visited: Ossuary.

You collected 4226 gold pieces.
You spent 3319 gold pieces at shops.

Inventory:

Hand Weapons
 u - the +1 great sword "Ihiykkol" {speed, rC++ Dex-5 SInv Stlth+}
   (You bought it in a shop on level 13 of the Dungeon)

   Dex-5:     It affects your dexterity (-5).
   rC++:      It greatly protects you from cold.
   SInv:      It lets you see invisible.
   Stlth+:    It makes you more stealthy.
 z - the +7 broad axe of the Horn (weapon) {drain, Dex+2}
   (You bought it in a shop on level 13 of the Dungeon)

   Dex+2:     It affects your dexterity (+2).
 A - the +6 quarterstaff of the Realm of Zot {vamp, rN+ Will+}
   (You bought it in a shop on level 13 of the Dungeon)

   rN+:       It protects you from negative energy.
   Will+:     It increases your willpower.
 D - the +4 morningstar of Zeon {spect, rN++ Stlth-}
   (You bought it in a shop on level 13 of the Dungeon)

   rN++:      It greatly protects you from negative energy.
   Stlth-:    It makes you less stealthy.
 J - a +4 trident of freezing
Armour
 e - the +0 leather armour "Rioquh" (worn) {Rampage rElec Will- Str+6}
   (You bought it in a shop on level 10 of the Dungeon)

   Str+6:     It affects your strength (+6).
   rElec:     It insulates you from electricity.
   Will-:     It decreases your willpower.
   Rampage:   It bestows one free step when moving towards enemies.
 o - a +1 cloak of preservation
 r - the +1 robe "Kotwa" {rPois rCorr Dex+2}
   (You bought it in a shop on level 1 of the Orcish Mines)

   Dex+2:     It affects your dexterity (+2).
   rPois:     It protects you from poison rCorr: It protects you from acid and
   corrosion.
 v - the +2 pair of boots of Zin's Felicitations (worn) {rF+}
   (You acquired it on level 3 of the Dungeon)

   rF+:       It protects you from fire.
 B - a +2 pair of gloves (worn)
 G - a +1 hat
 I - a scarf of resistance (worn)
 N - the +1 buckler "Acyizam" (worn) {rElec Int+7 Stlth+}
   (You bought it in a shop on level 3 of the Dungeon)

   Int+7:     It affects your intelligence (+7).
   rElec:     It insulates you from electricity.
   Stlth+:    It makes you more stealthy.
 Q - the +0 chain mail of Absence {Dex+5}
   (You found it on level 1 of the Lair of Beasts)

   Dex+5:     It affects your dexterity (+5).
Jewellery
 f - the ring "Fuuson" {Fly rElec Int+4 Dex-4}
   (You found it on level 11 of the Dungeon)

   [ring of flight]

   Int+4:     It affects your intelligence (+4).
   Dex-4:     It affects your dexterity (-4).
   rElec:     It insulates you from electricity.
   Fly:       It grants you flight.
 p - an amulet of reflection (around neck)
 y - a ring of fire
 L - the ring "Maohats" (right hand) {Wiz Int+2 Dex+2}
   (You bought it in a shop on level 1 of the Dungeon)

   [ring of wizardry]

   Wiz:       It improves your spell success rate.
   Int+2:     It affects your intelligence (+2).
   Dex+2:     It affects your dexterity (+2).
 M - the ring "Dudydiy" (left hand) {Ice Int+4 Dex+6}
   (You bought it in a shop on level 1 of the Dungeon)

   [ring of ice]

   Ice:       It enhances your ice magic.
   Int+4:     It affects your intelligence (+4).
   Dex+6:     It affects your dexterity (+6).
   rF-:       It makes you vulnerable to fire.
   rC+:       It protects you from cold.
Wands
 b - a wand of digging (5)
 l - a wand of charming (20)
 q - a wand of quicksilver (27)
 C - a wand of polymorph (6)
 H - a wand of flame (22)
 U - a wand of mindburst (12)
 W - a wand of iceblast (16)
Scrolls
 a - 2 scrolls of vulnerability
 c - 9 scrolls of teleportation
 g - a scroll of enchant armour
 h - 4 scrolls of immolation
 j - 8 scrolls of fog
 k - 2 scrolls of fear
 t - 2 scrolls of amnesia
 w - a scroll of silence
 x - 14 scrolls of identify
 O - 2 scrolls of torment
Potions
 d - 7 potions of curing
 i - a potion of berserk rage
 m - 3 potions of haste
 n - 3 potions of ambrosia
 K - 2 potions of lignification
 P - 3 potions of brilliance
 T - 4 potions of attraction


   Skills:
 - Level 9.1 Fighting
 - Level 4.0(5.6) Axes
 - Level 6.0(6.6) Polearms
 - Level 11.3 Armour
 - Level 1.7 Dodging
 - Level 1.7 Stealth
 - Level 3.7 Shields
 - Level 8.2 Spellcasting
 - Level 6.4 Conjurations
 - Level 9.2 Transmutations
 * Level 11.8 Fire Magic
 * Level 11.1 Air Magic
 - Level 8.4 Poison Magic


You had one spell level left.
You knew the following spells:

 Your Spells              Type           Power      Damage    Failure   Level
a - Magic Dart            Conj           100%       1d8       1%          1
b - Poisonous Vapours     Pois/Air       100%       N/A       1%          2
c - Mephitic Cloud        Conj/Pois/Air  62%        N/A       1%          3
d - Fireball              Conj/Fire      32%        3d14      1%          5
e - Olgreb's Toxic Radia  Pois           61%        N/A       1%          4
f - Irradiate             Conj/Tmut      29%        3d21      1%          5
g - Iskenderun's Mystic   Conj/Tloc      33%        2d8       1%          4
h - Plasma Beam           Fire/Air       36%        2x1d49    1%          6

Your spell library contained the following spells:

 Spells                   Type           Power      Damage    Failure   Level
 Sting                    Tmut/Pois      100%       1d8       1%          1
 Momentum Strike          Conj/Tloc      66%        3d9       1%          2
 Searing Ray              Conj           100%       2d8       1%          2
 Volatile Blastmotes      Fire/Tloc      100%       2d18      1%          3
 Fulminant Prism          Conj/Hex       16%        3d10      1%          4
 Arcjolt                  Conj/Air       31%        1d41      1%          5
 Vhi's Electric Charge    Tloc/Air       96%        N/A       2%          4
 Blink                    Tloc           26%        N/A       3%          2
 Lesser Beckoning         Tloc           26%        N/A       3%          2
 Sublimation of Blood     Necr           13%        N/A       3%          2
 Petrify                  Tmut/Erth      42%        N/A       3%          4
 Animate Dead             Necr           13%        N/A       24%         4
 Borgnjor's Vile Clutch   Necr/Erth      6%         N/A       52%         5
 Death Channel            Necr           6%         N/A       97%         6
 Haunt                    Necr/Summ      6%         N/A       100%        7
 Borgnjor's Revivificati  Necr           6%         N/A       100%        8
 Death's Door             Necr           6%         N/A       100%        9


Dungeon Overview and Level Annotations

Branches:
Dungeon (15/15)            Temple (1/1) D:6            Lair (5/5) D:8
  Swamp (0/4) Lair:2        Snake (2/4) Lair:3        Slime (0/5) Lair:4
    Orc (2/2) D:9             Elf (0/3) Orc:2        Vaults (0/5) D:13
 Depths (0/4) D:15        Ossuary (visited)

Altars:
Ashenzari
Cheibriados
Dithmenos
Fedhas
Gozag
Hepliaklqana
Kikubaaqudgha
Makhleb
Nemelex Xobeh
Okawaru
Qazlal
Ru
Sif Muna
Trog
Uskayaw
Vehumet
Wu Jian
Xom
Yredelemnul
Jiyva

Shops:
D:1 =   D:3 [   D:7 (   D:8 [   D:10 [   D:13 (   Orc:1 [   Orc:2 =:?(
Snake:1 ((*   Snake:2 *

Annotations:
D:10 2 transporters, backslashecho's ghost, novice MeSh
Lair:2 1 runed translucent door, tmcgee265's ghost, journeyman TeAE


Innate Abilities, Weirdness & Mutations

You are completely covered in rugged brown scales. (AC +3, +7% HP)
You may rarely emit foul miasma when damaged in melee.
You are partially covered in sharp spines.
You have a tail ending in a sharp stinger.
You are very agile. (Dex +8, Str/Int -2)
You possess an exceptional clarity of mind.
You occasionally shout uncontrollably at your foes.


Message History

Casting: Iskenderun's Mystic Blast (mildly dangerous; 1% risk of failure)
Confirm with . or Enter, or press ? or * to list all spells.
You don't have enough magic to cast this spell.
Unknown command.
You hit the anaconda.
Your tail-slap misses the anaconda.
The anaconda is lightly wounded.
You feel sick.
You are no longer poisoned.
The anaconda bites you.
* * * LOW HITPOINT WARNING * * *
You emit a cloud of foul miasma!
The anaconda is engulfed in dark miasma.
The anaconda is poisoned.
The anaconda seems to slow down.
You block the anaconda's attack.
The anaconda is engulfed in dark miasma.
The anaconda looks even sicker.
The anaconda seems to slow down.
The anaconda misses you.
The anaconda is engulfed in dark miasma.
The anaconda looks even sicker.
The anaconda barely misses you.
Unknown command.
Casting: Iskenderun's Mystic Blast (mildly dangerous; 1% risk of failure)
Confirm with . or Enter, or press ? or * to list all spells.
You don't have enough magic to cast this spell.
Casting: Iskenderun's Mystic Blast (mildly dangerous; 1% risk of failure)
Confirm with . or Enter, or press ? or * to list all spells.
You erupt in a blast of force!
The mystic blast hits the anaconda.
The anaconda is moderately wounded.
The anaconda is no longer moving slowly.
The anaconda is engulfed in dark miasma.
The anaconda looks as sick as possible!
You block the anaconda's attack.
The anaconda is engulfed in dark miasma.
The anaconda looks as sick as possible!
The anaconda bites you!
* * * LOW HITPOINT WARNING * * *
Unknown command.
The anaconda is engulfed in dark miasma.
The anaconda looks as sick as possible!
The anaconda attacks as it pursues you! The anaconda closely misses you.
You block the anaconda's attack. The anaconda attacks as it pursues you!
You block the anaconda's attack. x2
The anaconda bites you!
You die...

#### #..######
#.@.....## ###S.....#
##### #.>....#
##...#### ##°#...#
#.......# ##..#####
#.......# #####...#
#.......####.......#
#####...#.#........###
.#..##.##.#..........#


You could see an anaconda (extremely poisoned).

Vanquished Creatures
  Jorgrun (Snake:1)
  A frost giant (D:15)
  An orc warlord (Orc:1)
  An ironbound thunderhulk (D:13)
  A vampire knight (D:14)
  Azrael (D:14)
  Snorg (Orc:1)
  Josephine (Orc:1)
  A rakshasa (D:15)
  2 catoblepae
  4 hydras
  4 boulder beetles
  3 centaur warriors
  3 two-headed ogres
  3 naga warriors
  4 tengu warriors (D:15)
  A death knight (D:14)
  6 death yaks
  3 anacondas (Snake:1)
  2 hell hogs (Lair:5)
  3 orc high priests (Orc:2)
  A shock serpent (Snake:1)
  8 naga sharpshooters
  A skyshark (Lair:4)
  7 skeletal warriors
  2 spriggan druids (Lair:2)
  2 lindwurms
  An arcanist (D:14)
  Pikel (D:9)
  2 necromancers (D:14)
  A mana viper (Snake:1)
  4 orc knights (Orc:2)
  4 orc sorcerers (Orc:2)
  A cyclops (D:11)
  Maurice (D:7)
  6 ugly things
  3 deep elf pyromancers
  2 manticores
  2 salamanders (Snake:1)
  3 spectral centaurs (D:14)
  The ghost of ooooo the Destroyer, a novice OpCj (D:6)
  2 torpor snails
  11 black mambas
  4 elephants
  2 molten gargoyles (Lair:5)
  4 kobold blastminers (Orc:2)
  2 naga magi
  Joseph (D:7)
  2 centaur skeletons (D:14)
  2 gargoyles
  18 komodo dragons
  16 cane toads
  An efreet (D:14)
  3 rime drakes
  A rime drake (shapeshifter) (D:13)
  2 kobold demonologists
  4 spectral deep trolls (D:14)
  12 freezing wraiths (D:14)
  Jeremiah (Lair:1)
  2 tengu conjurers (D:15)
  A yaktaur (D:13)
  A queen bee (Lair:2)
  4 polar bears
  9 trolls
  2 hornets
  22 blink frogs
  6 dream sheep (Lair:5)
  A meliai zombie (D:14)
  4 slime creatures (D:13)
  A shadow (D:10)
  2 flying skulls (D:14)
  38 yaks
  4 basilisks
  3 vampires (D:14)
  8 wyverns
  7 wraiths
  3 fire elementals (D:14)
  A human (D:13)
  2 steam dragons (Lair:5)
  9 vampire mosquitoes
  A warg (Orc:1)
  9 nagas
  13 hell hounds
  10 water moccasins
  A sky beast (D:6)
  12 orc warriors
  3 ice beasts
  9 black bears
  4 ogres
  5 boggarts (D:14)
  6 centaurs
  A phantom (D:6)
  2 lemures (D:9)
  2 kobold brigands
  A gnoll sergeant (D:8)
  15 bullfrogs
  3 scorpions
  8 wights
  A deep troll simulacrum (D:14)
  32 killer bees
  7 howler monkeys
  An electric eel (D:14)
  5 lava snakes (Lair:5)
  2 human zombies (Ossuary)
  2 hounds (D:6)
  8 jellies
  Crazy Yiuf (D:7)
  A gnoll bouda (D:10)
  17 orc priests
  4 iguanas
  32 orc wizards
  3 sleepcaps
  7 hell rats (Lair:5)
  3 mummies (Ossuary)
  8 adders
  8 gnolls
  4 shadow imps
  2 white imps
  2 ufetubi
  2 dart slugs
  63 orcs
  5 ball pythons
  9 bats
  5 endoplasms
  2 giant cockroaches
  A gnoll zombie (Ossuary)
  5 goblins
  12 hobgoblins
  4 jackals (D:3)
  4 quokkas
  11 frilled lizards
  A goblin zombie (Ossuary)
  A hobgoblin zombie (Ossuary)
  12 kobolds
  A kobold zombie (Ossuary)
  2 orc zombies (Ossuary)
  11 rats
724 creatures vanquished.

Vanquished Creatures (others)
  A naga warrior (Snake:1)
  A cyclops (D:14)
  A centaur skeleton (D:14)
  A wolf spider simulacrum (D:14)
  A centaur simulacrum (D:14)
  A vampire mosquito (D:14)
  An ice dragon simulacrum (D:14)
  An electric eel (D:14)
  A boggart skeleton (D:14)
9 creatures vanquished.

Grand Total: 733 creatures vanquished

Notes
Turn   | Place    | Note
-------+----------+-------------------------------------------
     0 | D:1      | Anonymone the Demonspawn Venom Mage began the quest for the
                  | Orb.
     0 | D:1      | Reached XP level 1. HP: 13/13 MP: 3/3
   210 | D:1      | Found Hudaem's Jewellery Boutique.
   297 | D:1      | Gained mutation: You have a small tail. [demonic ancestry]
   297 | D:1      | Reached XP level 2. HP: 15/19 MP: 1/5
   645 | D:1      | Learned a level 2 spell: Poisonous Vapours
  1425 | D:2      | Reached skill level 1 in Air Magic
  1514 | D:2      | Reached XP level 3. HP: 22/24 MP: 2/6
  2486 | D:2      | Reached XP level 4. HP: 29/30 MP: 3/7
  2938 | D:3      | Learned a level 3 spell: Mephitic Cloud
  3171 | D:3      | Found a faded altar of an unknown god.
  3192 | D:3      | Noticed a black bear
  3371 | D:2      | Reached skill level 1 in Conjurations
  3640 | D:3      | Killed a black bear
  3641 | D:3      | Gained mutation: You are partially covered in rugged brown
                  | scales. (AC +1, +3% HP) [demonic ancestry]
  3641 | D:3      | Reached XP level 5. HP: 30/36 MP: 0/8
  3953 | D:3      | Found a snail-covered altar of Cheibriados.
  3959 | D:3      | Found Niuntyv's Armour Shoppe.
  3980 | D:3      | Found a bloodstained altar of Trog.
  3983 | D:3      | Found a basalt altar of Yredelemnul.
  4340 | D:4      | Reached XP level 6. HP: 34/42 MP: 2/9
  4416 | D:4      | Found a sand-covered staircase.
  4446 | D:4      | Learned a level 2 spell: Searing Ray
  4447 | Ossuary  | Entered an ossuary
  4787 | Ossuary  | Reached skill level 5 in Conjurations
  5509 | D:4      | Reached XP level 7. HP: 43/47 MP: 1/10
  6350 | D:5      | Entered Level 5 of the Dungeon
  7070 | D:5      | Reached skill level 5 in Spellcasting
  7070 | D:5      | Gained mutation: You are mostly covered in rugged brown
                  | scales. (AC +2, +5% HP) [demonic ancestry]
  7070 | D:5      | Reached XP level 8. HP: 47/54 MP: 1/15
  7407 | D:5      | Found an iron altar of Okawaru.
  8787 | D:6      | Found a runed translucent door.
  8790 | D:6      | Noticed ooooo's ghost (novice OpCj)
  8797 | D:6      | Found a staircase to the Ecumenical Temple.
  8806 | Temple   | Entered the Ecumenical Temple
  8818 | Temple   | Became a worshipper of Vehumet
  8822 | Temple   | Reached skill level 5 in Air Magic
  9509 | D:7      | Reached skill level 1 in Fighting
  9581 | D:7      | Noticed a kobold demonologist
  9582 | D:7      | Gained mutation: You may rarely emit foul miasma when
                  | damaged in melee. [demonic ancestry]
  9582 | D:7      | Reached XP level 9. HP: 64/64 MP: 12/19
  9592 | D:7      | Killed a kobold demonologist
  9988 | D:7      | Reached skill level 5 in Fighting
 10503 | D:7      | Found a runed translucent door.
 10504 | D:7      | Noticed Crazy Yiuf
 10870 | D:7      | Noticed Maurice
 10922 | D:7      | Killed Maurice
 11358 | D:7      | Reached * piety under Vehumet
 11358 | D:7      | Offered knowledge of Freeze by Vehumet.
 11386 | D:7      | Gained mutation: You are partially covered in sharp spines.
                  | [demonic ancestry]
 11386 | D:7      | Reached XP level 10. HP: 78/84 MP: 11/20
 11646 | D:7      | Noticed Joseph
 11661 | D:7      | Killed Joseph
 11784 | D:7      | Found Kauxzong's Weapon Shoppe.
 11980 | D:8      | Identified 3 scrolls of acquirement
 11980 | D:8      | Acquired 594 gold pieces
 12330 | D:1      | Bought the ring "Maohats" {Wiz Int+2 Dex+2} for 544 gold
                  | pieces
 12332 | D:1      | Acquired 732 gold pieces
 12334 | D:1      | Bought the ring "Dudydiy" {Ice Int+4 Dex+6} for 636 gold
                  | pieces
 12428 | D:3      | Bought the +1 buckler "Acyizam" {rElec Int+7 Stlth+} for
                  | 451 gold pieces
 12433 | D:3      | Acquired the +2 pair of boots of Zin's Felicitations {rF+}
 12617 | D:8      | Reached skill level 1 in Polearms
 12787 | D:8      | Found a staircase to the Lair.
 13007 | D:8      | Noticed a gargoyle
 13045 | D:8      | Learned a level 4 spell: Olgreb's Toxic Radiance
 13051 | D:8      | Learned a level 5 spell: Irradiate
 13052 | Lair:1   | Entered Level 1 of the Lair of Beasts
 13054 | Lair:1   | Noticed a cane toad
 13065 | Lair:1   | Killed a cane toad
 13066 | Lair:1   | Reached skill level 1 in Shields
 13162 | Lair:1   | Noticed a black mamba
 13163 | Lair:1   | Noticed a cane toad
 13173 | Lair:1   | Killed a black mamba
 13174 | Lair:1   | Killed a cane toad
 13175 | Lair:1   | Reached skill level 5 in Poison Magic
 13366 | Lair:1   | Noticed Jeremiah
 13382 | Lair:1   | Killed Jeremiah
 13513 | Lair:1   | Noticed a cane toad
 13531 | Lair:1   | Killed a cane toad
 13870 | Lair:1   | Noticed a cane toad
 13886 | Lair:1   | Killed a cane toad
 13887 | Lair:1   | Reached XP level 11. HP: 36/90 MP: 16/22
 14371 | Lair:1   | Offered knowledge of Shock by Vehumet.
 14447 | Lair:1   | Identified the +0 chain mail of Absence {Dex+5}
 14464 | Lair:1   | Reached ** piety under Vehumet
 15178 | Lair:2   | Reached skill level 1 in Armour
 15182 | Lair:1   | Gained mutation: You are occasionally teleported next to
                  | monsters. [mutagenic glow]
 15183 | Lair:1   | Lost mutation: You are occasionally teleported next to
                  | monsters. [potion of mutation]
 15183 | Lair:1   | Gained mutation: You have a pair of small antennae on your
                  | head. [potion of mutation]
 15365 | Lair:2   | Gained mutation: Your spells are a little easier to cast,
                  | but a little less powerful. [mutagenic glow]
 15457 | Lair:1   | Lost mutation: You have a pair of small antennae on your
                  | head. [potion of mutation]
 15457 | Lair:1   | Lost mutation: Your spells are a little easier to cast, but
                  | a little less powerful. [potion of mutation]
 15457 | Lair:1   | Gained mutation: You occasionally shout uncontrollably at
                  | your foes. [potion of mutation]
 15457 | Lair:1   | Gained mutation: You possess an exceptional clarity of
                  | mind. [potion of mutation]
 15457 | Lair:1   | Gained mutation: You are agile. (Dex +4, Str/Int -1)
                  | [potion of mutation]
 15457 | Lair:1   | Gained mutation: You are very agile. (Dex +8, Str/Int -2)
                  | [potion of mutation]
 15585 | Lair:2   | Noticed a catoblepas
 15815 | Lair:2   | Offered knowledge of Static Discharge by Vehumet.
 15967 | Lair:2   | Learned a level 1 spell: Magic Dart
 16298 | Lair:2   | Gained mutation: You are completely covered in rugged brown
                  | scales. (AC +3, +7% HP) [demonic ancestry]
 16298 | Lair:2   | Reached XP level 12. HP: 48/99 MP: 17/23
 16499 | Lair:2   | Found a runed translucent door.
 16500 | Lair:2   | Found a shimmering altar of Xom.
 16500 | Lair:2   | Noticed tmcgee265's ghost (journeyman TeAE)
 16577 | Lair:2   | Reached skill level 1 in Transmutations
 16579 | Lair:2   | Reached *** piety under Vehumet
 16581 | Lair:2   | Offered knowledge of Iskenderun's Mystic Blast by Vehumet.
 16582 | Lair:2   | Reached skill level 5 in Polearms
 16750 | Lair:2   | Found a staircase to the Swamp.
 16940 | Lair:2   | Killed a catoblepas
 16941 | Lair:2   | Reached skill level 5 in Armour
 17271 | Lair:3   | Noticed a boulder beetle
 17283 | Lair:3   | Killed a boulder beetle
 17414 | Lair:3   | Found a staircase to the Snake Pit.
 18015 | Lair:3   | Identified the +0 ring mail of the Nexus {-Tele Contam
                  | rF+++ rC++}
 18203 | Lair:4   | Noticed an eight-headed hydra
 18205 | Lair:4   | Reached skill level 5 in Transmutations
 18508 | Lair:4   | Reached **** piety under Vehumet
 18623 | Lair:4   | Killed an eight-headed hydra
 18678 | Lair:4   | Offered knowledge of Sticky Flame by Vehumet.
 18786 | Lair:4   | Gained mutation: You have a tail ending in a sharp stinger.
                  | [demonic ancestry]
 18786 | Lair:4   | Reached XP level 13. HP: 63/104 MP: 12/24
 19209 | Lair:4   | Found a staircase to the Slime Pits.
 19210 | Lair:4   | Found a viscous altar of Jiyva.
 19899 | Lair:5   | Entered Level 5 of the Lair of Beasts
 20521 | D:9      | Paralysed by a hornet for 3 turns
 20761 | D:9      | Found an ornate altar of the Wu Jian Council.
 20801 | D:9      | Noticed Pikel
 20810 | D:9      | Killed Pikel
 21150 | D:9      | Found a staircase to the Orcish Mines.
 21418 | Orc:1    | Entered Level 1 of the Orcish Mines
 21418 | Orc:1    | Noticed Snorg
 21445 | Orc:1    | Killed Snorg
 21618 | Orc:2    | Entered Level 2 of the Orcish Mines
 21828 | Orc:2    | Noticed an orc warlord
 21840 | Orc:2    | Reached ***** piety under Vehumet
 21841 | Orc:2    | Offered knowledge of Yara's Violent Unravelling by Vehumet.
 21997 | D:10     | Entered Level 10 of the Dungeon
 22259 | D:10     | Identified the +4 scale mail of the Stopping Gods {Stlth+}
 22970 | D:10     | Found a transporter.
 22973 | D:10     | Noticed backslashecho's ghost (novice MeSh)
 23009 | D:10     | Found an ancient bone altar of Kikubaaqudgha.
 23018 | D:10     | Found a transporter.
 23103 | D:10     | Found Roaxe's Antique Armour Boutique.
 23107 | D:10     | Bought a crude leather armour for 217 gold pieces
 23107 | D:10     | Identified the +0 leather armour "Rioquh" {Rampage rElec
                  | Will- Str+6} (You bought it in a shop on level 10 of the
                  | Dungeon)
 23117 | D:10     | Bought an embroidered hat for 217 gold pieces
 23479 | D:11     | Identified the ring "Fuuson" {Fly rElec Int+4 Dex-4}
 23836 | D:11     | Acquired 544 gold pieces
 24873 | D:12     | You fall into a shaft and drop 3 floors!
 24873 | D:15     | Entered Level 15 of the Dungeon
 24884 | D:14     | Noticed Azrael
 25177 | D:14     | Reached skill level 10 in Armour
 25803 | D:14     | Found a snail-covered altar of Cheibriados.
 25888 | D:14     | Reached XP level 14. HP: 28/112 MP: 6/25
 26428 | D:12     | Upgraded the game from 0.31-a0-1172-g9944ec47dd to
                  | 0.31-a0-1178-gc5c9b8f871
 27160 | D:6      | Killed ooooo's ghost
 27301 | D:7      | Killed Crazy Yiuf
 27595 | D:8      | Found Laweh's Armour Shop.
 28211 | D:13     | Found Jeskov's Antique Weapon Shop.
 28301 | D:13     | Offered knowledge of Conjure Ball Lightning by Vehumet.
 28301 | D:13     | Noticed an ironbound thunderhulk
 28474 | D:14     | Learned a level 4 spell: Iskenderun's Mystic Blast
 28481 | D:14     | Learned a level 6 spell: Plasma Beam
 28616 | D:14     | Killed Azrael
 28617 | D:14     | Reached skill level 1 in Fire Magic
 30066 | D:14     | Identified the +9 broad axe of Xeisudwe {heavy, Dex+2}
 30066 | D:14     | Noticed a vampire knight
 30964 | D:13     | Found a gate to the Vaults.
 31079 | D:13     | Killed an ironbound thunderhulk
 31482 | Lair:5   | Reached skill level 5 in Fire Magic
 32650 | Lair:5   | Identified the +3 leather armour of Voutomuo {rCorr}
 33373 | Lair:5   | Reached XP level 15. HP: 119/119 MP: 27/27
 33383 | Lair:5   | Found a large runed translucent door.
 33384 | Lair:5   | Found a large runed translucent door.
 33695 | Lair:5   | Offered knowledge of Starburst by Vehumet.
 34217 | Orc:2    | Found a staircase to the Elven Halls.
 34217 | Orc:2    | Found a burning altar of Makhleb.
 34563 | Orc:1    | Noticed Josephine
 34574 | Orc:1    | Killed Josephine
 35635 | Orc:2    | Reached skill level 10 in Fire Magic
 35769 | Orc:2    | Found Fefuwat's Book Shoppe.
 35769 | Orc:2    | Found Hestidd's Jewellery Shoppe.
 35770 | Orc:2    | Found Niymuv's Weapon Shop.
 35770 | Orc:2    | Found Hofiur's Magic Scroll Shop.
 36342 | Orc:1    | Found Meusitin's Antique Armour Emporium.
 36486 | Orc:1    | Bought a fading robe for 176 gold pieces
 36486 | Orc:1    | Identified the +1 robe "Kotwa" {rPois rCorr Dex+2} (You
                  | bought it in a shop on level 1 of the Orcish Mines)
 36655 | D:13     | Bought a smoking great sword for 322 gold pieces
 36655 | D:13     | Identified the +1 great sword "Ihiykkol" {speed, rC++ Dex-5
                  | SInv Stlth+} (You bought it in a shop on level 13 of the
                  | Dungeon)
 36655 | D:13     | Bought a polished broad axe for 252 gold pieces
 36655 | D:13     | Identified the +7 broad axe of the Horn {drain, Dex+2} (You
                  | bought it in a shop on level 13 of the Dungeon)
 36655 | D:13     | Bought an ebony quarterstaff for 252 gold pieces
 36655 | D:13     | Identified the +6 quarterstaff of the Realm of Zot {vamp,
                  | rN+ Will+} (You bought it in a shop on level 13 of the
                  | Dungeon)
 36655 | D:13     | Bought a fine morningstar for 252 gold pieces
 36655 | D:13     | Identified the +4 morningstar of Zeon {spect, rN++ Stlth-}
                  | (You bought it in a shop on level 13 of the Dungeon)
 37486 | D:14     | Identified the +7 scale mail of the Poles {+Inv MP+9 Int-4
                  | SInv}
 37631 | D:14     | Found a basalt altar of Yredelemnul.
 37810 | D:15     | Reached skill level 10 in Air Magic
 38699 | D:15     | Noticed a frost giant
 38719 | D:15     | Killed a frost giant
 38977 | D:15     | Reached skill level 1 in Axes
 39014 | D:15     | Offered knowledge of Fireball by Vehumet.
 39021 | D:15     | Learned a level 5 spell: Fireball
 39121 | D:15     | Found a shimmering blue altar of Sif Muna.
 39226 | D:15     | Found a staircase to the Depths.
 39674 | Snake:1  | Entered Level 1 of the Snake Pit
 40066 | Snake:1  | Found Koditras's General Store.
 40075 | Snake:1  | Found Rif Java's Weapon Shop.
 41544 | Snake:1  | Noticed Jorgrun
 41550 | Snake:1  | Reached XP level 16. HP: 123/128 MP: 13/28
 41551 | Snake:1  | Killed Jorgrun
 41701 | Snake:1  | Found Uveroph's Firing Range.
 41928 | Snake:2  | Found Erukamum's General Store.
 41937 | Snake:1  | HP: 6/128 [anaconda (13)]
 41939 | Snake:1  | Slain by an anaconda

Illustrated notes

Levels and vault maps discovered:
D:1:      psy_arrival_radial02, layout_loops_ring, serial_shops, shop
D:2:      layout_loops_ring, palyth_stone_intersect, minmay_misc_feat_tiny
D:3:      layout_basic, grunt_temple_overflow_open,
          hellmonk_ecumenical_altar_crossroads, serial_shops,
          nicolae_shop_just_a_little_nook
D:4:      layout_loops_corners, nicolae_ossuary_entry_monument,
          kennysheep_windowed_goal
D:5:      layout_basic, okawaru_ov_weapons_minmay, minmay_misc_feat_square,
          hangedman_decor_riveting, st_stairs_9
D:6:      layout_basic, minmay_temple_entry_grid, serial_corexii_hall,
          corexii_hall_statues_l, chequers_hall_statues_corner_a,
          hellmonk_ghost_happy_afterlife, grunt_decor_cap,
          hangedman_decor_clover_reticule, nrook_pool_corridor, minivault_14,
          eino_small_chamber_without_monster, kennysheep_another_room
D:7:      hangedman_cross_stitches, layout_basic, serial_shops, shop,
          uniq_maurice, uniq_joseph, uniq_crazy_yiuf_cottage
D:8:      minmay_general_purpose_star, layout_cave_pools, lemuel_round_altar,
          serial_shops, shop, kennysheep_generic_room_9
D:9:      layout_long_grid, nicolae_wu_jian_wuxing_cycle, orc_0_dummy,
          grunt_ministairs_15, minmay_unpleasant_kobolds, uniq_pikel
D:10:     layout_irregular_city, kennysheep_little_box, serial_shops,
          nicolae_shop_back_alley_shop, gammafunk_ghost_arena,
          dreamdust_gnoll_shepherd
D:11:     layout_roguey
D:12:     layout_basic
D:13:     layout_irregular_city, hellmonk_vaults_keyhole, serial_shops,
          nicolae_shop_dealshenge
D:14:     lemuel_vampire_tower, layout_loops_cross, cheibriados_altar_1,
          kennysheep_cross_room, patterned_corridor, uniq_azrael
D:15:     grunt_enter_depths_snipers, layout_loops_corners,
          hellmonk_sif_muna_bookshelves, chequers_serial_rivers_room_a
Temple:   minmay_freezing_vapour_temple
Lair:1:   layout_cave_pods, uniq_jeremiah
Lair:2:   gammafunk_indiana_jones, layout_misc_corridors,
          mainiacjoe_swamp_entry_angry_trees, ebering_ghost_xom, special_room
          [special_room_bee], grunt_megastairs_3
Lair:3:   layout_regular_city, dummy_snake_entry, serial_bayou_pond_e
Lair:4:   layout_layer_cave, nicolae_slime_entry_field_trip, beast_lair_carwin_3
Lair:5:   cheibrodos_lair_end_hotspot, layout_gridlike,
          chequers_serial_rivers_micro_d
Snake:1:  layout_honeycomb, nicolae_shop_firing_range, minmay_shop_star,
          serial_bayou_shore_b, uniq_jorgrun
Snake:2:  layout_onion, serial_shops, bzr_entry_water, shop, lemuel_fruit_tree,
          grunt_megastairs_2
Orc:1:    layout_caves, basic_altar, serial_shops, nicolae_shop_statue_plus,
          mines2_david, uniq_snorg, uniq_josephine
Orc:2:    st_orc_elflike, layout_caves, basic_altar, bloody_makhleb

Skill      XL: |  1  2  3  4  5  6  7  8  9 10 11 12 13 14 15 16 |
---------------+-------------------------------------------------+-----
Air Magic      | 1 2 3 5 7 8 10 11 | 11.1
Conjurations   | 3 4 6 |  6.4
Spellcasting   | 5 7 8 |  8.2
Fighting       | 2 8 9 |  9.1
Polearms       | 3 4 6 |  6.0
Shields        | 2 3 |  3.7
Poison Magic   | 6 8 |  8.4
Armour         | 3 6 10 11 | 11.3
Transmutations | 7 9 |  9.2
Fire Magic     | 9 11 | 11.8
Axes           | 4 |  4.0
Dodging        | |  1.7
Stealth        | |  1.7

Action                     |  1- 3 |  4- 6 |  7- 9 | 10-12 | 13-15 | 16-18 || total
---------------------------+-------+-------+-------+-------+-------+-------++-------
  Melee: Short sword       |    12 |       |       |       |       |       ||    12
         Tailslap          |     2 |     5 |    15 |    32 |   103 |     4 ||   161
         Dagger            |    16 |    38 |    93 |     2 |       |       ||   149
         Punch             |     1 |     2 |     1 |       |       |       ||     4
         Trident           |       |       |       |   145 |   426 |       ||   571
         Broad axe         |       |       |       |       |    41 |    17 ||    58
   Cast: Sting             |    78 |    62 |   176 |    90 |       |       ||   406
         Poisonous Vapours |     6 |    13 |    64 |    37 |    34 |       ||   154
         Mephitic Cloud    |       |     1 |    19 |    21 |    52 |     1 ||    94
         Searing Ray       |       |    12 |    22 |    15 |    35 |       ||    84
         Olgreb's Toxic Ra |       |       |       |    29 |    77 |       ||   106
         Irradiate         |       |       |       |    25 |    68 |       ||    93
         Magic Dart        |       |       |       |    67 |   572 |     4 ||   643
         Iskenderun's Myst |       |       |       |       |    77 |     4 ||    81
         Plasma Beam       |       |       |       |       |    91 |    10 ||   101
         Fireball          |       |       |       |       |     2 |     1 ||     3
  Evoke: Wand              |       |       |     3 |       |     6 |       ||     9
    Use: Potion            |     2 |     7 |     1 |     6 |    22 |     3 ||    41
         Scroll            |       |    11 |       |     7 |    17 |     2 ||    37
   Stab: Confused          |       |     1 |       |     4 |    14 |     1 ||    20
         Sleeping          |       |       |       |     1 |       |       ||     1
         Distracted        |       |       |       |     1 |     1 |       ||     2
         Fleeing           |       |       |       |       |       |     2 ||     2
 Armour: Robe              |    18 |    36 |   120 |   175 |    54 |       ||   403
         Leather armour    |       |       |       |       |   458 |    26 ||   484
         Skin              |       |       |       |       |     1 |       ||     1
  Dodge: Dodged            |    23 |    27 |    98 |    73 |   262 |    15 ||   498
  Block: Other             |     1 |    17 |    34 |     3 |       |       ||    55
         Reflection        |       |       |     2 |     1 |    33 |     5 ||    41
         Buckler           |       |       |       |   140 |   470 |    30 ||   640

Table legend: (Time is in decaauts)
 A = Elapsed time spent in this place.
 B = Non-inter-level travel time spent in this place.
 C = Inter-level travel time spent in this place.
 D = Time resting spent in this place.
 E = Time spent auto-exploring this place.
 F = Levels seen in this place.
 G = Mean time per level.
                   A        B        C        D        E       F      G
               +--------+--------+--------+--------+--------+-----+--------+
         Total |  42109 |  38121 |   3988 |   8053 |  24319 |  26 | 1619.6 |
       Dungeon |  25838 |  23190 |   2648 |   4663 |  15171 |  15 | 1722.5 |
        Temple |     54 |     54 |      0 |     34 |      0 |   1 |   54.0 |
          Lair |  10459 |   9324 |   1135 |   1869 |   5948 |   5 | 2091.8 |
     Snake Pit |   2291 |   2221 |     70 |    592 |   1338 |   2 | 1145.5 |
  Orcish Mines |   2813 |   2679 |    134 |    641 |   1580 |   2 | 1406.5 |
       Ossuary |    651 |    651 |      0 |    253 |    280 |   1 |  651.0 |
               +--------+--------+--------+--------+--------+-----+--------+

Top non-repeatable levels by time:
    D:14: 3984 daAuts
  Lair:1: 3107 daAuts
  Lair:5: 2709 daAuts
     D:7: 2553 daAuts
 Snake:1: 2188 daAuts
  Lair:4: 1960 daAuts
    D:13: 1888 daAuts
     D:6: 1797 daAuts
    D:15: 1754 daAuts
     D:4: 1746 daAuts
     D:3: 1742 daAuts
    D:10: 1609 daAuts
     D:2: 1552 daAuts
  Lair:2: 1531 daAuts
   Orc:2: 1478 daAuts
